 Dungeon Crawl Stone Soup version 0.26-a0-720-g2a1d101370 (webtiles) character file.

Game seed: 16693153595000515615

34 Gargoyl the Skirmisher (level 3, 0/35 HPs)
             Began as a Gnoll Abyssal Knight on Nov 3, 2020.
             Was a Follower of Lugonu.
             Shot with an arrow by a centaur (12 damage)
             ... on level 2 of the Dungeon.
             The game lasted 00:01:34 (845 turns).

Gargoyl the Skirmisher (Gnoll Abyssal Knight)        Turns: 845, Time: 00:01:35

Health: 0/35       AC:  7    Str: 15    XL:     3   Next: 31%
Magic:  6/6        EV: 12    Int: 14    God:    Lugonu [*.....]
Gold:   14         SH:  0    Dex: 14    Spells: 3/3 levels left

rFire    + . .     SeeInvis .   c - +4 executioner's axe of Blood {vorpal, Fragile rElec rF+ Stlth+}
rCold    . . .     Faith    .   (shield currently unavailable)
rNeg     . . .     Spirit   .   g - +0 ring mail
rPois    .         Reflect  .   (no helmet)
rElec    +         Harm     .   b - +0 cloak
rCorr    .         Rampage  .   (no gloves)
MR       .....                  (no boots)
Stlth    ++........             (no amulet)
HPRegen  0.11/turn              (no ring)
MPRegen  0.10/turn              (no ring)

@: no status effects
A: distributed training, fangs 1, strong nose
a: Depart the Abyss, Renounce Religion


You were on level 2 of the Dungeon.
You worshipped Lugonu.
Lugonu was aware of your devotion.
You visited 1 branch of the dungeon, and saw 2 of its levels.
You visited the Abyss 1 time.

You collected 14 gold pieces.

Inventory:

Hand Weapons
 a - a +2 hand axe
 c - the +4 executioner's axe of Blood (weapon) {vorpal, Fragile rElec rF+ Stlth+}
   (You acquired it on level 2 of the Abyss)

   It inflicts extra damage upon your enemies.
   It protects you from fire.
   It insulates you from electricity.
   It will be destroyed if unequipped.
   It makes you more stealthy.
Armour
 b - a +0 cloak (worn)
 g - a +0 ring mail (worn)
Scrolls
 f - 3 scrolls of teleportation
 h - 2 scrolls of identify
Potions
 d - a potion of flight


   Skills:
 + Level 6.5 Fighting
 + Level 0.7 Short Blades
 + Level 0.7 Long Blades
 + Level 4.5 Axes
 + Level 0.7 Maces & Flails
 + Level 0.7 Polearms
 + Level 0.7 Staves
 + Level 0.7 Slings
 + Level 0.7 Bows
 + Level 0.7 Crossbows
 + Level 0.7 Throwing
 + Level 4.5 Armour
 + Level 2.6 Dodging
 + Level 0.7 Stealth
 + Level 0.7 Shields
 + Level 0.7 Unarmed Combat
 + Level 0.7 Spellcasting
 + Level 0.5 Conjurations
 + Level 0.5 Hexes
 + Level 0.5 Summonings
 + Level 0.5 Necromancy
 + Level 0.5 Translocations
 + Level 0.5 Transmutations
 + Level 0.5 Fire Magic
 + Level 0.5 Ice Magic
 + Level 0.5 Air Magic
 + Level 0.5 Earth Magic
 + Level 0.5 Poison Magic
 + Level 4.5 Invocations
 + Level 0.7 Evocations


You had 3 spell levels left.
You didn't know any spells.
Your spell library was empty.

Dungeon Overview and Level Annotations

Branches:
Dungeon (2/15)

Altars:
Dithmenos


Innate Abilities, Weirdness & Mutations

Your experience applies equally to all skills.
You have very sharp teeth.
Your uncanny sense of smell can sniff out nearby items.


Message History

You slash the frilled lizard!
You kill the frilled lizard!
Lugonu accepts your kill.
A bat comes into view.
You barely miss the rat. The rat barely misses you. The rat misses you.
You closely miss the rat. Your bite misses the rat.
The kobold shouts!
You hear a shout!
A centaur comes into view.
A quokka comes into view.
The rat bites you.
You hit the rat.
You kill the rat!
Lugonu accepts your kill. The bat hits you but does no damage.
The bat hits you. The bat hits you but does no damage.
The centaur wields a cursed +0 shortbow.
The centaur shoots an arrow.
The arrow hits you!
The centaur shoots an arrow.
The arrow hits you!
A kobold comes into view. It is wielding a +0 club.
The centaur shoots an arrow.
The arrow hits you!
You die...

### ##### ....
#...? ..c..
#.#..
K(...##.#.#
........#.#
.....#†b#.####
...rK..(#....#
######..@....#
####....#
#....# #....#
#....#
###....#
#......#
#......#
#.....##


You could see a centaur, a quokka, a bat and a kobold.

Vanquished Creatures
  2 dart slugs (D:1)
  3 leopard geckos (D:1)
  4 bats (D:1)
  A giant cockroach (D:1)
  2 goblins (D:1)
  3 hobgoblins (D:1)
  4 frilled lizards
  4 kobolds (D:1)
  4 rats
27 creatures vanquished.

Notes
Turn   | Place    | Note
-------+----------+-------------------------------------------
     0 | Abyss:1  | Gargoyl the Gnoll Abyssal Knight began the quest for the
                  | Orb.
     0 | Abyss:1  | Reached XP level 1. HP: 23/23 MP: 3/3
    29 | Abyss:2  | Found a corrupted altar of Lugonu.
    34 | Abyss:2  | Identified a scroll of acquirement
    34 | Abyss:2  | Acquired the +4 executioner's axe of Blood {vorpal, Fragile
                  | rElec rF+ Stlth+}
    37 | Abyss:2  | Noticed a tentacled starspawn
    38 | D:1      | Escaped the Abyss
   154 | D:1      | Reached * piety under Lugonu
   154 | D:1      | Reached XP level 2. HP: 25/29 MP: 5/5
   352 | D:1      | Reached XP level 3. HP: 33/35 MP: 6/6
   529 | D:1      | Found a shadowy altar of Dithmenos.
   843 | D:2      | Noticed a centaur
   845 | D:2      | Shot with an arrow by a centaur

Illustrated notes

Levels and vault maps discovered:
D:1:      minmay_arrival_glassed_features, layout_loops_ring,
          kennysheep_flooded_box, minmay_cupped
D:2:      layout_basic, led_sif_pool, chequers_temple_overflow_statue_of_worship

Action                   || total
-------------------------++-------
Melee: Executioner's axe ||    48
       Bite              ||     3
Invok: Depart the Abyss  ||     1
  Use: Scroll            ||     6
 Stab: Sleeping          ||     5
Armor: Leather armour    ||     7
       Ring mail         ||    17
Dodge: Dodged            ||    37

Table legend: (Time is in decaauts)
 A = Elapsed time spent in this place.
 B = Non-inter-level travel time spent in this place.
 C = Inter-level travel time spent in this place.
 D = Time resting spent in this place.
 E = Time spent auto-exploring this place.
 F = Levels seen in this place.
 G = Mean time per level.
                   A        B        C        D        E       F      G
               +--------+--------+--------+--------+--------+-----+--------+
         Total |    881 |    828 |     53 |      0 |    567 |   4 |  220.2 |
       Dungeon |    843 |    790 |     53 |      0 |    545 |   2 |  421.5 |
         Abyss |     37 |     37 |      0 |      0 |     22 |   2 |   18.5 |
               +--------+--------+--------+--------+--------+-----+--------+

Top non-repeatable levels by time:
     D:1: 807 daAuts
     D:2: 36 daAuts
 Abyss:1: 29 daAuts
 Abyss:2: 8 daAuts
